AoeStats
← Pradera Siberiana

Baltic

510916302Analyzed
4v4 RM · 21h ago on Oct 3, 2026· 55m 35s· 8 players
Game mode
Random Map
Map size
Large (8 player)
Population
200
Speed
Normal
Resources
Standard
Victory
Conquest
Starting age
Dark Age
Ending age
Imperial Age
RankedLock teamsTeams togetherTeam positionsShared explorationLock speedFull tech treeHidden civsTurbo modeCheats
Victory
Defeat
🇺🇸 Spanish · United States
908
+14
🇺🇸 Mongols · United States
892
+15
🇺🇸 Cumans · United States
886
+15
🇦🇷 Ethiopians · Argentina
852
+17
🇨🇦 Khmer · Canada
942
-17
🇨🇳 Goths · China
877
-16
🇦🇺 Spanish · Australia
842
-14
🇲🇽 Vikings · Mexico
825
-14
mimotaker
1:28 Loom
3:18 Loom
4:01 Loom
4:08 Loom
4:58 Loom
10:55 Feudal Age
12:48 Fishing Lines
19:10 Castle Age
18:02 Double-Bit Axe
18:15 Gold Mining
21:56 Medium Warships
22:50 Stone Mining
22:42 Crossbowman
27:52 Gillnets
29:23 Bow Saw
32:32 Town Watch
35:08 Fletching
39:55 Chieftains
40:17 Pikeman
43:47 Imperial Age
42:30 Chieftains
47:39 Bogsveigar
49:31 Bogsveigar
49:03 Arbalester
Kirito Wizard
9:07 Loom
11:49 Feudal Age
15:42 Castle Age
15:40 Double-Bit Axe
15:38 Horse Collar
15:51 Gold Mining
20:26 Bow Saw
24:34 Scale Barding Armor
26:57 Coinage
26:28 Caravan
32:53 Bloodlines
32:44 Husbandry
32:04 Light Cavalry
33:18 Tusk Swords
36:02 Ballistics
35:38 Murder Holes
38:52 Imperial Age
36:58 Wheelbarrow
36:08 Town Watch
38:25 Masonry
38:47 Chain Barding Armor
38:38 Forging
39:38 Double Crossbow
39:59 Conscription
39:01 Elite Ballista Elephant
39:44 Hussar
41:34 Hand Cart
41:20 Town Patrol
41:33 Cavalier
42:26 Heavy Scorpion
45:02 Elite Battle Elephant
46:41 Plate Barding Armor
Anglo K
5:27 Loom
12:56 Feudal Age
14:41 Wheelbarrow
18:56 Castle Age
17:25 Double-Bit Axe
17:21 Horse Collar
24:37 Bow Saw
24:50 Heavy Plow
26:39 Gold Mining
26:39 Stone Mining
26:46 Stone Mining
29:26 Stone Shaft Mining
29:58 Hand Cart
32:51 Imperial Age
30:34 Scale Barding Armor
30:40 Forging
30:21 Fletching
31:53 Medium Warships
32:19 Fortified Wall
32:23 Bloodlines
32:14 Husbandry
32:38 Chain Barding Armor
32:53 Iron Casting
32:22 Padded Archer Armor
33:03 Cavalier
34:09 Conscription
35:05 Two-Man Saw
33:33 Pikeman
34:13 Squires
35:52 Chemistry
35:43 Caravan
36:04 Elite Conquistador
37:31 Paladin
39:23 Halberdier
44:48 Plate Barding Armor
45:13 Blast Furnace
44:09 Bodkin Arrow
45:50 Scale Mail Armor
FishKid
0:39 Loom
12:17 Feudal Age
18:49 Castle Age
18:17 Double-Bit Axe
18:15 Horse Collar
22:08 Wheelbarrow
31:29 Hand Cart
32:18 Stone Mining
35:13 Gold Mining
35:29 Scale Mail Armor
35:40 Forging
38:11 Imperial Age
36:14 Caravan
39:03 Perfusion
39:03 Anarchy
38:24 Elite Huskarl
39:26 Conscription
39:25 Chain Mail Armor
39:46 Iron Casting
39:25 Bow Saw
40:17 Squires
39:38 Pikeman
40:22 Murder Holes
40:38 Masonry
41:30 Chemistry
41:46 Halberdier
43:32 Blast Furnace
42:38 Scale Barding Armor
43:37 Two-Man Saw
42:39 Heavy Plow
42:25 Treadmill Crane
43:16 Architecture
keager241
0:45 Loom
1:03 Loom
11:50 Feudal Age
13:06 Wheelbarrow
12:12 Horse Collar
12:22 Double-Bit Axe
15:00 Wheelbarrow
22:52 Castle Age
21:20 Gold Mining
21:28 Stone Mining
22:15 Forging
22:20 Scale Barding Armor
22:40 Arson
24:01 Hand Cart
25:56 Bloodlines
25:53 Fletching
26:03 Padded Archer Armor
26:41 Iron Casting
26:26 Chain Barding Armor
26:09 Scale Mail Armor
26:14 Squires
28:50 Gold Shaft Mining
28:19 Heavy Plow
28:30 Bow Saw
32:19 Imperial Age
31:12 Chain Mail Armor
32:15 Steppe Husbandry
33:09 Cuman Mercenaries
33:30 Conscription
33:21 Elite Steppe Lancer
33:42 Elite Skirmisher
34:27 Thumb Ring
36:00 Blast Furnace
35:35 Plate Barding Armor
40:36 Pikeman
42:12 Halberdier
43:57 Fletching
44:07 Padded Archer Armor
50:24 Onager
55:00 Elite Kipchak
FlorgeJoyd
11:06 Feudal Age
12:01 Double-Bit Axe
11:59 Horse Collar
13:41 Loom
20:28 Castle Age
21:23 Heavy Plow
21:35 Bow Saw
22:10 Wheelbarrow
26:10 Gold Mining
26:11 Stone Mining
26:57 Hand Cart
30:03 Imperial Age
27:53 Fletching
28:18 Husbandry
28:53 Thumb Ring
29:08 Bloodlines
30:12 Ballistics
29:48 Murder Holes
30:14 Bodkin Arrow
30:19 Padded Archer Armor
30:31 Scale Barding Armor
33:55 Elite Mangudai
38:22 Conscription
38:28 Leather Archer Armor
46:34 Caravan
47:48 Bracer
48:29 Chain Barding Armor
Pato
12:12 Feudal Age
12:40 Double-Bit Axe
13:00 Gold Mining
15:32 Bloodlines
18:03 Horse Collar
24:24 Castle Age
33:33 Imperial Age
33:01 Bloodlines
33:27 Gold Mining
33:50 Forging
33:46 Scale Barding Armor
34:58 Wheelbarrow
35:10 Bow Saw
35:01 Heavy Plow
36:16 Cavalier
37:48 Hand Cart
40:21 Iron Casting
40:06 Chain Barding Armor
42:00 Chemistry
44:17 Blast Furnace
43:37 Chain Barding Armor
43:20 Scale Mail Armor
43:03 Paladin
43:44 Husbandry
Pradera Siberiana
0:56 Loom
12:25 Feudal Age
17:03 Castle Age
15:03 Double-Bit Axe
16:05 Gold Mining
16:34 Stone Mining
17:13 Crossbowman
26:43 Wheelbarrow
27:59 Hand Cart
27:38 Horse Collar
33:26 Imperial Age
32:12 Scale Mail Armor
33:07 Bow Saw
33:15 Forging
35:44 Iron Casting
35:25 Chain Mail Armor
35:48 Conscription
35:51 Elite Shotel Warrior
38:23 Plate Mail Armor
38:55 Blast Furnace
40:38 Two-Man Saw
39:57 Fletching
40:07 Padded Archer Armor
40:35 Arson
47:59 Heavy Plow
51:54 Stone Shaft Mining
55:41 Chemistry
55:02 Ballistics
Connection lost

Rejoining the realm…

Still unreachable

The connection could not be restored.

Session expired

The server has moved on; the page needs a fresh start.